 Dungeon Crawl Stone Soup version 0.24-a0-415-g6d73c25c48 (webtiles) character file.

Game seed: 15717723966613645460

1543712 Flugkiller the Pyromancer (level 27, 163/163 HPs)
             Began as a Deep Elf Fire Elementalist on June 8, 2019.
             Was the Champion of Vehumet.
             Escaped with the Orb
             ... and 3 runes!
             The game lasted 02:39:20 (88133 turns).

Flugkiller the Pyromancer (DEFE)                   Turns: 88133, Time: 02:39:20

Health: 163/163    AC: 14    Str:  5    XL:     27
Magic:  44/49      EV: 22    Int: 39    God:    Vehumet [******]
Gold:   4150       SH: 15    Dex:  7    Spells: 15/66 levels left

rFire    + + .     SeeInvis .   O - staff of fire
rCold    + . .     Gourm    .   h - +4 shield {reflect}
rNeg     + . .     Faith    +   P - +2 robe {Archmagi}
rPois    +         Spirit   .   Z - +2 hat {MR+}
rElec    +         Reflect  +   T - +1 cloak of Starlight {rElec rC+ EV+4 Stlth--}
rCorr    .         Harm     .   M - +2 pair of gloves
MR       ++++.                  m - +2 pair of boots
Stlth    ..........             D - amulet "Jedepilo" {Faith rElec rN+ MR+ Dex-3}
HPRegen  0.37/turn              u - ring of fire
MPRegen  0.31/turn              K - ring of Maedaer {rPois rC+ Int+5 Dex-3 Stlth-}

@: no status effects
A: horns 1, talons 1, clumsy 1, frail 1, screaming 1
0: Orb of Zot
}: 3/15 runes: serpentine, barnacled, slimy
a: Renounce Religion


You escaped.
You worshipped Vehumet.
Vehumet was exalted by your worship.
You were full.

You visited 11 branches of the dungeon, and saw 54 of its levels.
You also visited: Ice Cave and Desolation.

You collected 7182 gold pieces.
You spent 3032 gold pieces at shops.

Inventory:

Missiles
 d - 4 throwing nets (quivered)
 v - 18 curare-tipped darts
Armour
 h - a +4 shield of reflection (worn)
   (You took it off a tengu warrior on level 1 of the Depths)
 m - a +2 pair of boots (worn)
   (You found it on level 2 of the Dungeon)
 M - a +2 pair of gloves (worn)
   (You found it on level 3 of the Realm of Zot)
 P - a +2 robe of the Archmagi (worn)
   (You took it off a deep elf sorcerer on level 3 of the Elven Halls)
 T - the +1 cloak of Starlight (worn) {rElec rC+ EV+4 Stlth--}
   (You found it in the Desolation of Salt)

   It affects your evasion (+4).
   It protects you from cold.
   It insulates you from electricity.
   It makes you much less stealthy.
 Z - a +2 hat of magic resistance (worn)
   (You found it on level 5 of the Pits of Slime)
Magical Staves
 O - an uncursed staff of fire (weapon)
   (You found it on level 3 of the Elven Halls)
Jewellery
 k - an uncursed ring of see invisible
   (You found it on level 4 of the Vaults)
 q - the ring of the Coward {-Tele +Fly rPois Int+2}
   (You found it on level 5 of the Pits of Slime)

   [ring of flight]

   It affects your intelligence (+2).
   It protects you from poison.
   It lets you fly.
   It prevents most forms of teleportation.
 u - a ring of fire (left hand)
   (You bought it in a shop on level 10 of the Dungeon)
 w - the ring "Syromoyc" {rElec rC- Int+6 Slay-3 SInv Stlth+}
   (You found it in the Desolation of Salt)

   [ring of stealth]

   It affects your intelligence (+6).
   It affects your accuracy and damage with ranged weapons and melee attacks
   (-3).
   It makes you vulnerable to cold.
   It insulates you from electricity.
   It lets you see invisible.
   It makes you more stealthy.
 D - the amulet "Jedepilo" (around neck) {Faith rElec rN+ MR+ Dex-3}
   (You acquired it on level 5 of the Depths)

   [amulet of faith]

   It allows you to gain divine favour quickly.
   It affects your dexterity (-3).
   It insulates you from electricity.
   It protects you from negative energy.
   It affects your resistance to hostile enchantments.
 K - the ring of Maedaer (right hand) {rPois rC+ Int+5 Dex-3 Stlth-}
   (You found it in the Desolation of Salt)

   [ring of poison resistance]

   It affects your intelligence (+5).
   It affects your dexterity (-3).
   It protects you from cold.
   It protects you from poison.
   It makes you less stealthy.
 Y - the ring of Robustness {AC+8}
   (You took it off a deep elf high priest on level 3 of the Elven Halls)

   [ring of protection]

   It affects your AC (+8).
Wands
 f - a wand of enslavement (15)
   (You took it off Nessos on level 5 of the Lair of Beasts)
 g - a wand of clouds (1)
   (You found it on level 2 of the Depths)
 i - a wand of scattershot (3)
   (You found it on level 4 of the Shoals)
 r - a wand of paralysis (19)
   (You took it off Ijyb on level 4 of the Dungeon)
 A - a wand of acid (13)
   (You found it on level 3 of the Lair of Beasts)
 J - a wand of disintegration (43)
   (You found it on level 3 of the Lair of Beasts)
 Q - a wand of iceblast (33)
   (You found it on level 3 of the Vaults)
 S - a wand of digging (16)
   (You found it on level 13 of the Dungeon)
Scrolls
 e - 18 scrolls of teleportation
 s - 9 scrolls of identify
 t - 23 scrolls of remove curse
 x - 5 scrolls of fog
 y - 2 scrolls of summoning
 E - 6 scrolls of immolation
 H - 6 scrolls of vulnerability
 N - 4 scrolls of blinking
 U - 4 scrolls of magic mapping
 W - 9 scrolls of fear
 X - 2 scrolls of holy word
Potions
 b - 6 potions of brilliance
 j - 5 potions of agility
 l - 13 potions of haste
 n - 5 potions of ambrosia
 o - 4 potions of berserk rage
 z - 8 potions of heal wounds
 B - 2 potions of magic
 C - 2 potions of cancellation
 F - a potion of resistance
 G - 22 potions of curing
 I - 5 potions of invisibility
Miscellaneous
 a - a lamp of fire
   (You found it on level 13 of the Dungeon)
 R - 3 phantom mirrors
Comestibles
 c - 30 rations


   Skills:
 + Level 21.3 Fighting
 - Level 15.0 Dodging
 - Level 2.4 Stealth
 - Level 15.0 Shields
 - Level 20.0 Spellcasting
 - Level 25.0 Conjurations
   Level 5.1 Hexes
 - Level 1.0 Translocations
 - Level 25.0 Fire Magic
 - Level 10.1 Evocations


You had 15 spell levels left.
You knew the following spells:

 Your Spells              Type           Power        Failure   Level  Hunger
a - Fire Storm            Conj/Fire      ##########   1%          9    #####..
b - Throw Flame           Conj/Fire      ######       0%          2    None
c - Conjure Flame         Conj/Fire      ########     0%          3    None
d - Sticky Flame          Conj/Fire      ########     0%          4    None
e - Fireball              Conj/Fire      ##########   0%          5    None
f - Bolt of Fire          Conj/Fire      ##########   0%          6    None
g - Ignition              Fire           ##########   1%          8    ###....
h - Orb of Destruction    Conj           #########.   0%          7    None
i - Irradiate             Conj/Tmut      ########..   1%          5    None
r - Blink                 Tloc           N/A          1%          2    None

Your spell library contained the following spells:

 Spells                   Type           Power        Failure   Level  Hunger
 Chain Lightning          Conj/Air       ########..   7%          8    ###....
 Lehudib's Crystal Spear  Conj/Erth      ########..   7%          8    ###....
 Flame Tongue             Conj/Fire      #####        0%          1    None
 Magic Dart               Conj           ####         0%          1    None
 Shock                    Conj/Air       ####         0%          1    None
 Searing Ray              Conj           ######       0%          2    None
 Throw Frost              Conj/Ice       ######       0%          2    None
 Dazzling Spray           Conj/Hex       ######       0%          3    None
 Inner Flame              Hex/Fire       ########     0%          3    None
 Static Discharge         Conj/Air       ########     0%          3    None
 Stone Arrow              Conj/Erth      ######       0%          3    None
 Fulminant Prism          Conj/Hex       ########..   0%          4    None
 Iskenderun's Mystic Bla  Conj           ########     0%          4    None
 Animate Skeleton         Necr           N/A          1%          1    None
 Apportation              Tloc           ######       1%          1    None
 Confusing Touch          Hex            ######       1%          1    None
 Corona                   Hex            #######      1%          1    None
 Freeze                   Ice            ####         1%          1    None
 Pain                     Necr           ####         1%          1    None
 Sandblast                Erth           ######       1%          1    None
 Summon Butterflies       Summ           ######..     1%          1    None
 Summon Small Mammal      Summ           ####         1%          1    None
 Call Imp                 Summ           ######..     1%          2    None
 Ensorcelled Hibernation  Hex/Ice        ######       1%          2    None
 Passwall                 Tmut/Erth      ######..     1%          2    None
 Poisonous Vapours        Pois/Air       ######       1%          2    None
 Slow                     Hex            #######.     1%          2    None
 Sticks to Snakes         Tmut           ######..     1%          2    None
 Swiftness                Chrm/Air       ######..     1%          2    None
 Call Canine Familiar     Summ           ######..     1%          3    None
 Ignite Poison            Fire/Tmut/Pois ########     1%          3    None
 Lesser Beckoning         Tloc           ######....   1%          3    None
 Mephitic Cloud           Conj/Pois/Air  ########     1%          3    None
 Ozocubu's Armour         Chrm/Ice       ######..     1%          3    None
 Recall                   Summ/Tloc      N/A          1%          3    None
 Regeneration             Chrm/Necr      ######....   1%          3    None
 Spectral Weapon          Hex/Chrm       ######..     1%          3    None
 Summon Guardian Golem    Hex/Summ       ######..     1%          3    None
 Teleport Other           Tloc           ######..     1%          3    None
 Tukima's Dance           Hex            #######.     1%          3    None
 Vampiric Draining        Necr           ######....   1%          3    None
 Airstrike                Air            ######....   1%          4    None
 Cause Fear               Hex            #######...   1%          4    None
 Force Lance              Conj/Tloc      ########     1%          4    None
 Throw Icicle             Conj/Ice       ########     1%          4    None
 Iskenderun's Battlesphe  Conj/Chrm      ########     1%          5    None
 Lightning Bolt           Conj/Air       ########..   1%          5    None
 Venom Bolt               Conj/Pois      ########..   1%          5    None
 Yara's Violent Unravell  Hex/Tmut       ######....   1%          5    None
 Bolt of Cold             Conj/Ice       ########..   1%          6    None
 Conjure Ball Lightning   Conj/Air       ########..   1%          6    None
 Freezing Cloud           Conj/Ice/Air   ########..   1%          6    None
 Poison Arrow             Conj/Pois      ########..   1%          6    None
 Spellforged Servitor     Conj/Summ      ########..   1%          7    None
 Leda's Liquefaction      Hex/Erth       ######....   2%          4    None
 Ring of Flames           Chrm/Fire      #########.   3%          7    None
 Lee's Rapid Deconstruct  Erth           ######....   5%          5    None
 Metabolic Englaciation   Hex/Ice        ######....   6%          5    None
 Silence                  Hex/Air        ######....   6%          5    None
 Summon Mana Viper        Hex/Summ       ######..     6%          5    None
 Animate Dead             Necr           N/A          7%          4    None
 Ice Form                 Ice/Tmut       ######..     7%          4    None
 Petrify                  Tmut/Erth      ######..     7%          4    None
 Summon Ice Beast         Ice/Summ       ######..     7%          4    None
 Summon Lightning Spire   Summ/Air       ######..     7%          4    None
 Darkness                 Hex            #######...   12%         6    None
 Invisibility             Hex            #######.     12%         6    None
 Summon Forest            Summ/Tloc      ######....   16%         5    None
 Alistair's Intoxication  Tmut/Pois      ######..     19%         5    None
 Aura of Abjuration       Summ           ######....   19%         5    None
 Borgnjor's Vile Clutch   Necr/Erth      ######....   19%         5    None
 Excruciating Wounds      Chrm/Necr      ######....   19%         5    None
 Summon Demon             Summ           ######....   19%         5    None
 Glaciate                 Conj/Ice       ########..   67%         9    #####..
 Deflect Missiles         Chrm/Air       ######....   71%         6    None
 Shadow Creatures         Summ           N/A          71%         6    None
 Malign Gateway           Summ/Tloc      ######....   99%         7    None
 Discord                  Hex            #######...   99%         8    ###....
 Shatter                  Erth           ######....   100%        9    #####..
 Tornado                  Air            ######....   100%        9    #####..


Dungeon Overview and Level Annotations

Branches:
Dungeon (15/15)            Temple (1/1) D:7            Lair (6/6) D:11
 Shoals (4/4) Lair:4        Snake (4/4) Lair:3        Slime (5/5) Lair:6
    Orc (2/2) D:9             Elf (3/3) Orc:2        Vaults (4/5) D:13
  Crypt (0/3) Vaults:3     Depths (5/5) D:15            Zot (5/5) Depths:5

Altars:
Ashenzari
Cheibriados
Dithmenos
Elyvilon
Fedhas
Gozag
Hepliaklqana
Kikubaaqudgha
Makhleb
Nemelex Xobeh
Okawaru
Qazlal
Ru
Sif Muna
Trog
Uskayaw
Vehumet
Wu Jian
Xom
Yredelemnul
Zin
The Shining One
Jiyva

Shops:
D:5 *   D:7 *   D:10 !=[   D:14 :   Orc:1 %   Orc:2 =[:[?[   Elf:1 ?   Elf:2 }
Elf:3 (   Shoals:2 *   Shoals:3 *   Snake:3 }***   Vaults:1 (!   Vaults:3 %
Vaults:4 (   Depths:5 }}=

Portals:
Hell: Depths:1 Depths:2 Depths:3 Depths:4 Depths:5
Abyss: Depths:2 Depths:3 Depths:4
Pandemonium: Depths:3
Ziggurat: Depths:4

Annotations:
D:9 3 runed translucent doors, motoroller71's ghost, journeyman GrFi
D:12 2 runed translucent doors, loom's ghost, journeyman DrFE
Lair:3 1 runed translucent door, Conn's ghost, journeyman OpFE
Lair:4 exclusion: downstairs
Shoals:1 3 runed translucent doors, kaisn's ghost, adept FoFi
Snake:2 1 runed translucent door, Qioxkieti's ghost, adept HuBe
Elf:2 3 runed translucent doors
Elf:3 3 runed translucent doors, Riboake's ghost, adept DgFi; demivan's ghost, journeyman MiBe
Depths:4 2 runed translucent doors


Innate Abilities, Weirdness & Mutations

You have a pair of small horns on your head.
You have sharp toenails.
You are clumsy. (Dex -2)
You are frail. (-10% HP)
You occasionally shout uncontrollably at your foes.


Message History

There is a stone staircase leading down here.
Things that are here:
18 arrows; a +0 shortbow
There is a stone staircase leading up here.
You see here an arrow.
You climb upwards.
There is a stone staircase leading down here.
There is a stone staircase leading up here.
You climb upwards.
There is a stone staircase leading down here.
You see here 17 stones.
There is an open door here.
There is an open door here.
There is a stone staircase leading up here.
You climb upwards.
There is a stone staircase leading down here.
Things that are here:
a +0 leather armour; a +0 short sword
There is a stone staircase leading up here.
You climb upwards.
There is a stone staircase leading down here.
There is a stone staircase leading up here.
You climb upwards.
There is a stone staircase leading down here.
An Orb Guardian comes into view.
Casting: Orb of Destruction (safe; 0% risk of failure)
Confirm with . or Enter, or press ? or * to list all spells.
Aiming: Bolt of Fire (safe; 0% risk of failure)
Press: ? - help, Shift-Dir - straight line, f - Orb Guardian
Aim: an Orb Guardian You feel a huge surge of power!
The bolt of fire hits the Orb Guardian!!!
The Orb Guardian is almost dead.
Casting: Bolt of Fire (safe; 0% risk of failure)
Confirm with . or Enter, or press ? or * to list all spells.
Aiming: Bolt of Fire (safe; 0% risk of failure)
Press: ? - help, Shift-Dir - straight line, f/p - Orb Guardian
Aim: an Orb Guardian (almost dead)
You feel a huge surge of power!
The bolt of fire hits the Orb Guardian!!!!
You kill the Orb Guardian!
Vehumet accepts your kill.
You feel your power returning.
Unknown command.
Enter note: Ok lol I got from d:15 to d:1 without encounters
There is an open door here.
You see here a +0 short sword.
There is a staircase leading out of the dungeon here.
Enter note: gg You have escaped!

#.....# #..÷÷.......#.#....#.##
#.....# #...........#.#....#.#
#.....# #.8..8.8..8.#......#.#
#.....# #...........######.#.##
#.....#####...........##...#....#
#.........#...........##.#.##...#
#.........#...........##.####...#
#.........#...........#.........#
#...............@.....)....##...#
#####.....#...........#....##...#
#.....#...........#######...#
#.....#...........# ###...#
#.....#...........# #......
#####.....#...........# #......
..........#.8..8.8..8.# #......
...)......#...........# #......
....÷.....#..÷÷...÷...# #......


There were no monsters in sight!

Vanquished Creatures
  the Royal Jelly (Slime:5)
  5 orbs of fire
  4 ancient liches
  2 juggernauts (Depths:2)
  A pandemonium lord (Zot:5)
  8 Killer Klowns
  Vashnia (Snake:4)
  Bai Suzhen (Elf:3)
  A curse toe (Zot:1)
  Nikola (Elf:1)
  11 golden dragons
  3 liches
  3 electric golems (Zot:5)
  2 hellephants (Zot:2)
  Rupert (D:15)
  9 tentacled monstrosities
  4 quicksilver dragons
  26 Orb Guardians
  4 deep elf master archers (Elf:3)
  3 deep elf blademasters
  24 acid blobs
  8 death cobs
  3 sphinxes
  Kirke (D:12)
  6 shadow dragons
  8 tengu reavers
  5 fire giants
  2 draconian monks
  8 draconian knights
  17 storm dragons
  4 imperial myrmidons (Desolation)
  5 deep elf sorcerers (Elf:3)
  7 nagarajas
  An iron dragon (Depths:3)
  21 azure jellies
  7 vault wardens
  9 frost giants
  An orc warlord (Depths:4)
  A ghost moth (Depths:3)
  A draconian scorcher (Depths:5)
  A ghost moth (shapeshifter) (Depths:3)
  6 draconian shifters
  2 deep elf elementalists (Elf:3)
  12 ironheart preservers
  3 draconian stormcallers
  A draconian annihilator (Zot:2)
  3 spriggan defenders
  32 very ugly things
  13 stone giants
  3 war gargoyles (Depths:3)
  3 vampire knights
  An entropy weaver (Vaults:2)
  10 red draconians
  Nessos (Lair:5)
  9 deep elf demonologists
  13 green draconians
  Azrael (D:14)
  8 black draconians
  7 deep elf annihilators
  5 spark wasps
  2 halazid warlocks (Desolation)
  10 yellow draconians
  A dire elephant (Lair:6)
  3 purple draconians
  8 white draconians
  11 fire dragons
  7 merfolk javelineers
  12 death oozes
  8 merfolk impalers
  9 deep elf death magi
  3 crystal guardians
  4 ragged hierophants (Desolation)
  11 ettins
  7 deep elf high priests
  17 great orbs of eyes
  20 naga warriors
  2 fire dragons (shapeshifter) (Depths:3)
  6 ogre magi
  Josephine (D:11)
  15 yaktaur captains
  10 vault guards
  11 ice dragons
  5 servants of whispers (Desolation)
  Erolcha (D:12)
  7 hydras
  10 peacekeepers
  A hell beast (Depths:1)
  6 rakshasas
  A caustic shrike simulacrum (Depths:4)
  7 merfolk avatars
  An alligator snapping turtle (Shoals:3)
  A death knight (Vaults:4)
  19 two-headed ogres
  10 anacondas
  3 death yaks (Lair:6)
  17 dancing weapons
  8 centaur warriors
  5 merfolk aquamancers
  An orc high priest (Orc:2)
  3 satyrs
  12 deep troll shamans
  11 deep troll earth magi
  8 spriggan berserkers
  2 tengu warriors
  Urug (Lair:5)
  20 naga sharpshooters
  8 shock serpents
  A sun demon (Depths:1)
  16 deep elf knights
  Sonja (D:12)
  A soul eater (Zot:5)
  10 hell knights
  7 iron trolls
  17 sea snakes
  2 sixfirhies
  3 unseen horrors
  10 naga ritualists
  A sea snake (shapeshifter) (Depths:3)
  5 glowing orange brains
  7 wizards
  An orange crystal statue (Zot:5)
  A flayed ghost (Vaults:2)
  33 deep trolls
  14 deep elf archers
  2 lindwurms (shapeshifter)
  11 harpies
  A tengu zombie (Vaults:4)
  16 orc knights
  A wolf spider zombie (D:13)
  18 ironbrand convokers
  2 orb spiders (shapeshifter)
  2 phantasmal warriors (Depths:4)
  13 mana vipers
  10 necromancers
  A harpy (shapeshifter) (Elf:1)
  20 manticores
  58 ugly things
  16 fauns
  38 deep elf magi
  10 shining eyes
  5 orc sorcerers
  5 oklob plants
  A frost giant zombie (Vaults:4)
  5 salamanders
  21 moths of wrath
  3 cyclopes
  9 merfolk sirens
  18 vault sentinels
  2 ice statues (IceCv)
  An elephant (shapeshifter) (Vaults:3)
  4 water nymphs
  9 elephants
  5 guardian serpents
  Psyche (D:11)
  24 naga magi
  4 eyes of devastation
  26 black mambas
  5 gargoyles
  A torpor snail (shapeshifter) (D:15)
  A molten gargoyle (Desolation)
  A spiny frog (shapeshifter) (Vaults:1)
  A rust devil (Depths:1)
  10 spiny frogs
  An efreet (Depths:3)
  A rime drake (shapeshifter) (Depths:2)
  4 rime drakes
  5 freezing wraiths
  2 komodo dragons (shapeshifter)
  46 yaktaurs
  2 human zombies
  11 komodo dragons
  A yaktaur (shapeshifter) (Depths:3)
  3 tengu conjurers
  An ice devil (Depths:1)
  A jumping spider (shapeshifter) (Vaults:4)
  8 trolls
  33 merfolk
  7 polar bears
  29 saltlings (Desolation)
  9 hornets
  A queen bee (Lair:3)
  A troll (shapeshifter) (Vaults:1)
  2 shadow dragon simulacra
  17 blink frogs
  4 snapping turtles
  143 slime creatures
  A dream sheep (shapeshifter) (Vaults:2)
  6 dream sheep (Lair:4)
  8 wind drakes
  A fire giant simulacrum (Vaults:3)
  3 air elementals
  8 hippogriffs
  2 redbacks (Vaults:2)
  An ice dragon zombie (Depths:1)
  A shadow (D:15)
  A tarantella (shapeshifter) (Elf:1)
  A vampire (D:14)
  A spriggan (shapeshifter) (Vaults:2)
  27 water elementals
  4 wraiths
  7 wyverns
  A hog (D:12)
  A hog (shapeshifter) (Depths:2)
  30 humans
  44 yaks
  2 basilisks (shapeshifter)
  A human (shapeshifter) (Vaults:2)
  7 fire elementals
  A hungry ghost (D:10)
  3 basilisks
  19 golden eyes
  7 vampire mosquitoes
  An insubstantial wisp (Lair:3)
  5 wargs
  49 nagas
  Edmund (D:6)
  4 acid dragons
  A soldier ant (D:8)
  A hydra simulacrum (Depths:3)
  7 porcupines
  24 water moccasins
  5 hell hounds
  A hornet zombie (D:15)
  An elf zombie (Vaults:3)
  20 ice beasts
  31 orc warriors
  2 sky beasts
  5 boggarts (Depths:1)
  2 black bears
  5 eyes of draining
  2 phantoms
  12 wolves
  26 ogres
  21 centaurs
  15 crocodiles
  A small abomination (Zot:5)
  A big kobold (D:14)
  23 bullfrogs
  3 earth elementals (Elf:1)
  5 scorpions
  42 killer bees
  3 wights (D:8)
  11 howler monkeys
  An electric eel (Elf:3)
  3 centaur zombies
  5 crimson imps
  31 orc priests
  3 jellies (D:5)
  2 quasits
  7 hounds
  5 centaur skeletons
  Jessica (D:3)
  4 bullfrog skeletons
  An iguana (D:5)
  Ijyb (D:4)
  9 hell rats (Lair:2)
  Natasha (thrice) (D:3)
  29 orc wizards
  7 worker ants
  A bullfrog simulacrum (D:12)
  A hound skeleton (D:8)
  A worker ant zombie (D:7)
  A howler monkey skeleton (D:6)
  3 gnolls (D:3)
  12 river rats (Lair:2)
  18 adders
  5 shadow imps
  2 oozes
  An adder zombie (D:7)
  An adder skeleton (D:6)
  3 worms
  2 dart slugs
  2 leopard geckos
  90 orcs
  4 giant cockroaches
  5 goblins
  4 hobgoblins
  9 jackals
  7 quokkas
  6 ball pythons
  2 bats (D:2)
  6 frilled lizards
  A jackal skeleton (D:5)
  8 kobolds
  2 leopard gecko skeletons (D:5)
  A quokka skeleton (D:4)
  15 rats
  A bush (Lair:6)
  A fire vortex (Zot:5)
  2 fungi
  9 plants
2409 creatures vanquished.

Vanquished Creatures (collateral kills)
  A fire giant (Depths:3)
  An orc warlord (Depths:4)
  2 yellow draconians
  A deep elf annihilator (Depths:3)
  A ragged hierophant (Desolation)
  A shadow dragon zombie (Depths:4)
  A moth of wrath (Zot:5)
  A yaktaur (Depths:2)
  5 saltlings (Desolation)
  A centaur (Depths:2)
15 creatures vanquished.

Vanquished Creatures (others)
  4 stone giants
  A deep elf mage (Elf:1)
  3 water elementals
  A wyvern zombie (D:14)
  A bush (Lair:5)
  245 fire vortices
  29 fungi
  44 plants
  2 withered plants (Snake:2)
330 creatures vanquished.

Grand Total: 2754 creatures vanquished

Notes
Turn   | Place    | Note
-------+----------+-------------------------------------------
     0 | D:1      | Flugkiller the Deep Elf Fire Elementalist began the quest
                  | for the Orb.
     0 | D:1      | Reached XP level 1. HP: 10/10 MP: 6/6
   265 | D:1      | Reached XP level 2. HP: 15/15 MP: 4/8
   334 | D:1      | Learned a level 2 spell: Throw Flame
   813 | D:1      | Reached XP level 3. HP: 19/19 MP: 5/9
  1010 | D:2      | Learned a level 3 spell: Conjure Flame
  1604 | D:3      | Reached XP level 4. HP: 20/24 MP: 3/11
  1725 | D:3      | Noticed Natasha
  1728 | D:3      | Killed Natasha
  1804 | D:3      | Noticed Natasha
  1813 | D:3      | Killed Natasha
  1813 | D:3      | Reached XP level 5. HP: 28/28 MP: 2/13
  1933 | D:3      | Noticed Natasha
  1938 | D:3      | Killed Natasha
  2003 | D:3      | Reached skill level 5 in Fire Magic
  2015 | D:3      | Learned a level 4 spell: Sticky Flame
  2131 | D:3      | Found a hide-covered altar of Uskayaw.
  2222 | D:3      | Noticed Jessica
  2223 | D:3      | Killed Jessica
  2544 | D:4      | Reached XP level 6. HP: 28/32 MP: 3/14
  2805 | D:4      | Found a burning altar of Makhleb.
  2805 | D:4      | Noticed a green death
  3239 | D:3      | Learned a level 3 spell: Inner Flame
  3305 | D:4      | Noticed Ijyb
  3372 | D:4      | Reached skill level 5 in Spellcasting
  3372 | D:4      | Reached skill level 5 in Conjurations
  3682 | D:4      | Paralysed by Ijyb for 5 turns
  3690 | D:4      | Killed Ijyb
  3757 | D:5      | Entered Level 5 of the Dungeon
  3803 | D:5      | Reached XP level 7. HP: 36/36 MP: 14/16
  3961 | D:5      | Found a white marble altar of Elyvilon.
  3984 | D:5      | Found Qisu Tey's General Store.
  4122 | D:5      | Bought a scroll of fear for 45 gold pieces
  4122 | D:5      | Bought a potion of curing for 39 gold pieces
  4689 | D:5      | Reached XP level 8. HP: 41/41 MP: 10/19
  5439 | D:5      | HP: 2/41 [orc warrior/+0 mace (15)]
  5744 | D:5      | Found a white marble altar of Elyvilon.
  5771 | D:5      | Found Qisu Tey's General Store.
  6039 | D:5      | Learned a level 5 spell: Fireball
  6277 | D:6      | Noticed Edmund
  6869 | D:6      | Killed Edmund
  6869 | D:6      | Reached XP level 9. HP: 45/45 MP: 6/22
  6969 | D:7      | Found a sparkling altar of Nemelex Xobeh.
  7355 | D:7      | Found a staircase to the Ecumenical Temple.
  7393 | Temple   | Entered the Ecumenical Temple
  8713 | D:7      | You fall into a shaft and drop 3 floors!
  8713 | D:10     | Entered Level 10 of the Dungeon
  8728 | D:10     | Found Wyherghysys's Jewellery Boutique.
  8834 | D:10     | Reached skill level 10 in Fire Magic
  9031 | D:10     | Reached skill level 10 in Conjurations
  9615 | D:7      | Found Bocaudin's Assorted Antiques.
  9621 | D:7      | Bought a scroll of identify for 60 gold pieces
  9908 | D:8      | Reached XP level 10. HP: 50/50 MP: 13/25
 10013 | D:8      | Paralysed by a hornet for 2 turns
 10018 | D:8      | Reached skill level 10 in Spellcasting
 10310 | D:8      | Found a stormy altar of Qazlal.
 10332 | D:8      | Noticed a two-headed ogre
 10349 | D:8      | Killed a two-headed ogre
 10349 | D:8      | Reached skill level 1 in Fighting
 10646 | D:8      | Found a snail-covered altar of Cheibriados.
 10652 | D:8      | Found an ornate altar of the Wu Jian Council.
 10654 | D:8      | Found a deep blue altar of Sif Muna.
 10655 | D:8      | Found a radiant altar of Vehumet.
 10656 | D:8      | Found an iron altar of Okawaru.
 10662 | D:8      | Became a worshipper of Vehumet
 10940 | D:9      | Paralysed by a hornet for 3 turns
 11245 | D:9      | Found a runed translucent gate.
 11246 | D:9      | Found a runed translucent gate.
 11247 | D:9      | Found a runed translucent gate.
 11250 | D:9      | Noticed motoroller71's ghost (journeyman GrFi)
 11304 | D:9      | Found a shadowy altar of Dithmenos.
 11365 | D:9      | Reached skill level 5 in Dodging
 11611 | D:9      | Found a staircase to the Orcish Mines.
 12319 | D:10     | Reached * piety under Vehumet
 12319 | D:10     | Offered knowledge of Freeze by Vehumet.
 12483 | D:10     | Found Ogibrud's Distillery.
 12794 | D:10     | Found Voerr's Armour Emporium.
 12901 | D:10     | Reached XP level 11. HP: 51/62 MP: 6/27
 13483 | D:11     | Reached skill level 5 in Fighting
 14106 | D:11     | Noticed a two-headed ogre
 14110 | D:11     | Killed a two-headed ogre
 14110 | D:11     | Reached skill level 5 in Hexes
 14246 | D:11     | Noticed a two-headed ogre
 14256 | D:11     | Killed a two-headed ogre
 14352 | D:11     | Noticed Psyche
 14358 | D:11     | Reached ** piety under Vehumet
 14359 | D:11     | Killed Psyche
 14359 | D:11     | Offered knowledge of Sting by Vehumet.
 14359 | D:11     | Reached skill level 1 in Evocations
 14359 | D:11     | Noticed Josephine
 14510 | D:11     | Killed Josephine
 14783 | D:11     | Found a staircase to the Lair.
 16187 | Lair:1   | Entered Level 1 of the Lair of Beasts
 16193 | Lair:1   | Reached skill level 5 in Evocations
 16935 | Lair:1   | Noticed an oklob plant
 16935 | Lair:1   | Noticed a six-headed hydra
 16935 | Lair:1   | Noticed an oklob plant
 16935 | Lair:1   | Noticed an oklob plant
 16935 | Lair:1   | Noticed an oklob plant
 17479 | D:10     | Bought an uncursed ring of fire for 350 gold pieces
 17640 | Lair:1   | Killed a six-headed hydra
 17640 | Lair:1   | Reached XP level 12. HP: 73/73 MP: 11/29
 18991 | Lair:2   | Offered knowledge of Ignite Poison by Vehumet.
 19088 | Lair:2   | Reached *** piety under Vehumet
 19264 | Lair:2   | Offered knowledge of Static Discharge by Vehumet.
 20104 | Lair:3   | Reached **** piety under Vehumet
 20283 | Lair:3   | Reached skill level 10 in Dodging
 20516 | Lair:3   | Offered knowledge of Irradiate by Vehumet.
 20646 | Lair:3   | Found a staircase to the Snake Pit.
 20681 | Lair:3   | Noticed a six-headed hydra
 20688 | Lair:3   | Killed a six-headed hydra
 20891 | Lair:3   | Learned a level 5 spell: Irradiate
 21562 | Lair:3   | Found a runed translucent door.
 21562 | Lair:3   | Noticed Conn's ghost (journeyman OpFE)
 21969 | Snake:1  | Entered Level 1 of the Snake Pit
 21969 | Snake:1  | Noticed a nagaraja
 21969 | Snake:1  | Noticed an anaconda
 21969 | Snake:1  | Noticed an anaconda
 21969 | Snake:1  | Noticed a naga warrior
 21969 | Snake:1  | Noticed an anaconda
 21972 | Lair:3   | ...
 22183 | Lair:4   | Found a frozen archway.
 22184 | Lair:4   | Reached ***** piety under Vehumet
 22270 | Lair:3   | Offered knowledge of Conjure Ball Lightning by Vehumet.
 22277 | Lair:3   | Reached XP level 13. HP: 75/78 MP: 21/33
 22643 | IceCv    | Entered an ice cave
 22984 | IceCv    | Reached skill level 15 in Spellcasting
 24104 | Lair:4   | Found a staircase to the Shoals.
 24854 | Lair:5   | Noticed Urug
 25062 | Lair:5   | Noticed Nessos
 25068 | Lair:5   | Killed Nessos
 25656 | Lair:5   | Killed Urug
 26919 | Lair:6   | Entered Level 6 of the Lair of Beasts
 27347 | Lair:6   | Reached skill level 10 in Fighting
 27419 | Lair:6   | Got a spiked ring mail
 27825 | Lair:6   | Reached XP level 14. HP: 76/88 MP: 23/35
 28643 | Lair:6   | Paralysed by a hornet for 2 turns
 30088 | Lair:6   | Identified Raigrof's Sophisticated Secret Knowledge
 30096 | Lair:6   | Got a fine robe
 30210 | Lair:6   | Found a viscous altar of Jiyva.
 30210 | Lair:6   | Found a staircase to the Slime Pits.
 30294 | Lair:6   | Identified the +1 robe of the Eight Scars {rN+} (You found
                  | it on level 6 of the Lair of Beasts)
 30296 | Lair:6   | Identified the cursed +1 ring mail of Fedhas's Benevolence
                  | {*Drain +Inv rElec MP+9} (You found it on level 6 of the
                  | Lair of Beasts)
 30500 | D:12     | Noticed Erolcha
 30506 | D:12     | Killed Erolcha
 30672 | D:12     | Found a stormy altar of Qazlal.
 31020 | D:12     | Noticed Kirke
 31024 | D:12     | Killed Kirke
 31103 | D:12     | Found a runed translucent door.
 31171 | D:12     | Noticed loom's ghost (journeyman DrFE)
 31171 | D:12     | Noticed a lich
 31172 | D:12     | Noticed a tengu reaver
 31173 | D:12     | Noticed a tengu reaver
 31201 | D:12     | Found a runed translucent door.
 31649 | D:5      | Bought a +0 buckler for 58 gold pieces
 32214 | D:12     | Noticed Sonja
 32215 | D:12     | Killed Sonja
 32215 | D:12     | Reached skill level 1 in Shields
 33370 | D:13     | Found a gate to the Vaults.
 33986 | D:13     | Offered knowledge of Ozocubu's Refrigeration by Vehumet.
 34058 | D:13     | Reached XP level 15. HP: 67/94 MP: 28/36
 35019 | D:14     | Found an ornate altar of the Wu Jian Council.
 35489 | D:14     | Found Jicazio's Book Boutique.
 35603 | D:14     | Bought a book of Fire for 780 gold pieces
 35614 | D:14     | Learned a level 6 spell: Bolt of Fire
 35645 | D:14     | Learned a level 8 spell: Ignition
 36030 | D:15     | Entered Level 15 of the Dungeon
 36556 | D:15     | Reached skill level 15 in Conjurations
 36711 | D:15     | Found a staircase to the Depths.
 37074 | D:15     | Noticed Rupert
 37080 | D:15     | Killed Rupert
 37344 | D:14     | Noticed Azrael
 37766 | D:14     | Killed Azrael
 38652 | Orc:1    | Entered Level 1 of the Orcish Mines
 38802 | Orc:1    | Reached ****** piety under Vehumet
 39089 | Orc:1    | Offered knowledge of Bolt of Draining by Vehumet.
 39196 | Orc:1    | Found Abal's Food Boutique.
 39320 | Orc:2    | Entered Level 2 of the Orcish Mines
 39865 | Orc:2    | Found a staircase to the Elven Halls.
 40157 | Orc:2    | Found Ucopout's Antique Armour Shoppe.
 40496 | Orc:2    | Found Jedo's Magic Scroll Shoppe.
 40496 | Orc:2    | Found Wiqiezie's Book Emporium.
 40500 | Orc:2    | Found Rocaiti's Antique Armour Shoppe.
 40500 | Orc:2    | Found Cuogiun's Armour Emporium.
 40593 | Orc:2    | Found Vynnoune's Jewellery Shop.
 40927 | Snake:1  | Killed a nagaraja
 40927 | Snake:1  | Reached skill level 15 in Fire Magic
 40930 | Snake:1  | HP: 2/94 [naga sharpshooter/arrow (17)]
 41318 | Snake:1  | Offered knowledge of Bolt of Magma by Vehumet.
 41318 | Snake:1  | Reached XP level 16. HP: 79/100 MP: 36/37
 42649 | Snake:2  | Found a runed translucent door.
 42649 | Snake:2  | Noticed Qioxkieti's ghost (adept HuBe)
 43645 | Snake:3  | Found Syqonnis's Superlative Supplies.
 44076 | Snake:3  | Found Xugiczon's Assorted Antiques.
 44268 | Snake:3  | Bought a potion of brilliance for 168 gold pieces
 44289 | Snake:3  | Found Oluaffacw's Assorted Antiques.
 44293 | Snake:3  | Bought a scroll of identify for 76 gold pieces
 44293 | Snake:3  | Identified a scroll of acquirement
 44316 | Snake:3  | Found Veuv's Gadget Shoppe.
 44318 | Snake:3  | Got a flickering golden amulet
 44442 | Snake:4  | Entered Level 4 of the Snake Pit
 44653 | Snake:4  | Identified the amulet of the Lily {rElec rN+ Regen+ Str+4}
                  | (You acquired it on level 3 of the Snake Pit)
 44779 | Snake:4  | Noticed Vashnia
 44855 | Snake:4  | Killed Vashnia
 45418 | Snake:4  | Offered knowledge of Spellforged Servitor by Vehumet.
 45723 | Snake:4  | Reached XP level 17. HP: 105/106 MP: 24/38
 46720 | Snake:4  | Got a serpentine rune of Zot
 47119 | Shoals:1 | Entered Level 1 of the Shoals
 47449 | Orc:2    | Bought a book of Minor Magic for 200 gold pieces
 47452 | Orc:2    | Learned a level 2 spell: Blink
 47452 | Orc:2    | Bought a manual of Shields for 1104 gold pieces
 47766 | Shoals:1 | Reached skill level 1 in Translocations
 47953 | Shoals:1 | Reached skill level 5 in Shields
 48135 | Shoals:1 | Found a runed translucent gate.
 48136 | Shoals:1 | Found a runed translucent gate.
 48137 | Shoals:1 | Found a runed translucent gate.
 48139 | Shoals:1 | Offered knowledge of Orb of Destruction by Vehumet.
 48148 | Shoals:1 | Learned a level 7 spell: Orb of Destruction
 48149 | Shoals:1 | Found a glowing golden altar of the Shining One.
 48605 | Shoals:1 | Noticed kaisn's ghost (adept FoFi)
 49670 | Shoals:2 | Found Quwn's Assorted Antiques.
 49860 | Shoals:3 | Reached XP level 18. HP: 115/115 MP: 29/39
 50424 | Shoals:3 | Found Emeabeed's Assorted Antiques.
 50465 | Shoals:3 | Offered knowledge of Poison Arrow by Vehumet.
 50763 | Shoals:4 | Entered Level 4 of the Shoals
 50928 | Shoals:4 | Reached skill level 10 in Shields
 50935 | Shoals:4 | Identified the +5 plate armour of the Shining Light {Dex+5}
 51187 | Shoals:4 | Got a barnacled rune of Zot
 51221 | Shoals:4 | Got a smoking leather armour
 51277 | Shoals:3 | Identified the +0 leather armour "Hamauk" {rN+ Str-4 Dex+9}
                  | (You found it on level 4 of the Shoals)
 51331 | Shoals:4 | Got a crude broad axe
 51904 | Shoals:4 | Got a translucent halberd
 52332 | Elf:1    | Entered Level 1 of the Elven Halls
 53436 | Elf:1    | Noticed Nikola
 53440 | Elf:1    | Killed Nikola
 53440 | Elf:1    | Offered knowledge of Lehudib's Crystal Spear by Vehumet.
 53440 | Elf:1    | Offered knowledge of Fire Storm by Vehumet.
 53440 | Elf:1    | Offered knowledge of Chain Lightning by Vehumet.
 53533 | Elf:1    | Found Plog's Magic Scroll Shoppe.
 53544 | Elf:1    | Bought a scroll of teleportation for 48 gold pieces
 53544 | Elf:1    | Bought a scroll of teleportation for 48 gold pieces
 53544 | Elf:1    | Bought a scroll of magic mapping for 56 gold pieces
 54341 | Elf:2    | Found a runed translucent gate.
 54341 | Elf:2    | Found a runed translucent gate.
 54342 | Elf:2    | Found a runed translucent gate.
 54485 | Elf:2    | Found Xyrphaxye's Gadget Boutique.
 54686 | Elf:2    | Identified the +7 broad axe "Qitih" {antimagic, rN+} (You
                  | found it on level 4 of the Shoals)
 54705 | Elf:2    | Reached XP level 19. HP: 121/121 MP: 18/40
 55073 | Elf:3    | Entered Level 3 of the Elven Halls
 55254 | Elf:3    | Found a runed translucent gate.
 55254 | Elf:3    | Found a runed translucent gate.
 55255 | Elf:3    | Found a runed translucent gate.
 55255 | Elf:3    | Noticed demivan's ghost (journeyman MiBe)
 55255 | Elf:3    | Noticed Riboake's ghost (adept DgFi)
 55332 | Elf:3    | Found Xipovea's Antique Weapon Shop.
 55911 | Elf:3    | Noticed Bai Suzhen
 55916 | Elf:3    | Killed Bai Suzhen
 56627 | Elf:3    | Identified the +3 morningstar of Roess {crush, MR++}
 56789 | Elf:3    | Identified the +3 leather armour "Naatelon" {Str+4 Stlth+}
 56950 | Elf:3    | Learned a level 9 spell: Fire Storm
 57159 | Elf:3    | Identified Sif Muna's Guide on Bewitchment
 57163 | Elf:3    | Identified the Grimoire of Boosting Shape Shifting
 57978 | Vaults:1 | Entered Level 1 of the Vaults
 58844 | Vaults:1 | Found Naabi's Distillery.
 59006 | Vaults:1 | Reached XP level 20. HP: 127/127 MP: 38/43
 59095 | Vaults:1 | Found Finuna's Weapon Shoppe.
 59799 | Slime:1  | Entered Level 1 of the Pits of Slime
 59814 | Slime:1  | Gained mutation: Armour fits poorly on your strangely
                  | shaped body. [a shining eye]
 60844 | Slime:3  | so many golden eyes already in slime, jeez
 61974 | Slime:4  | I've triggered 3 exploration traps in slime so far, damn
 61975 | Slime:5  | Entered Level 5 of the Pits of Slime
 62042 | Slime:5  | Gained mutation: You are frail. (-10% HP) [a shining eye]
 62424 | Slime:5  | Noticed the Royal Jelly
 62428 | Slime:5  | Killed the Royal Jelly
 62609 | Slime:5  | Reached XP level 21. HP: 118/118 MP: 38/45
 62648 | Slime:5  | Got a shimmering ivory ring
 62651 | Slime:5  | Identified the ring "Boz Wupli" {Dex+2 Slay+3 Stlth-} (You
                  | found it on level 5 of the Pits of Slime)
 62660 | Slime:5  | Got a bloodstained great mace
 62680 | Slime:5  | Identified the Papyrus of Illusion
 62712 | Slime:5  | Got a smoking bronze ring
 62724 | Slime:5  | Identified the ring of the Coward {-Tele +Fly rPois Int+2}
                  | (You found it on level 5 of the Pits of Slime)
 62743 | Slime:5  | Got a slimy rune of Zot
 62776 | Slime:5  | Reached skill level 15 in Shields
 64520 | Vaults:2 | Got a vibrating copper amulet
 64554 | Vaults:2 | Identified the amulet of Suleotryrou {Spirit Int+3 Dex+5}
                  | (You found it on level 2 of the Vaults)
 65488 | Vaults:3 | Found Ojijel Ysso's Food Shoppe.
 65679 | Vaults:3 | Got a crude dagger
 66242 | Vaults:3 | Found a staircase to the Crypt.
 66242 | Vaults:3 | Found an ancient bone altar of Kikubaaqudgha.
 66244 | Vaults:3 | Found a basalt altar of Yredelemnul.
 66771 | Vaults:4 | Found an iron altar of Okawaru.
 66785 | Vaults:4 | Reached XP level 22. HP: 123/123 MP: 39/46
 67105 | Vaults:4 | Found Riufigoq's Antique Weapon Emporium.
 67157 | Vaults:4 | Found a ruined gateway.
 67168 | Desolati | Entered the Desolation of Salt
 67517 | Desolati | Found the +1 cloak of Starlight {rElec rC+ EV+4 Stlth--}
 67519 | Desolati | Identified the ring "Syromoyc" {rElec rC- Int+6 Slay-3 SInv
                  | Stlth+} (You found it in the Desolation of Salt)
 67548 | Desolati | Identified the ring of Xom's Reproof {*Tele Int+4} (You
                  | found it in the Desolation of Salt)
 67817 | Desolati | Identified the ring of Xom's Entertainment {rC+ rN+ rCorr
                  | Dex-4} (You found it in the Desolation of Salt)
 67839 | Desolati | Got a coiled amber ring
 67841 | Desolati | Identified the ring "Lerupinkai" {rPois rN+ Str+3} (You
                  | found it in the Desolation of Salt)
 67848 | Desolati | Identified the Tome of the Glacial Blaze
 67855 | Desolati | Got a crude morningstar
 67856 | Desolati | Identified the +10 morningstar "Zynanom" {crush, *Contam
                  | rElec rF+++ rC-} (You found it in the Desolation of Salt)
 68080 | Desolati | Identified the Disquisition on Glacial Summoning
 68143 | Desolati | Got a smoking turquoise ring
 68145 | Desolati | Identified the ring of Maedaer {rPois rC+ Int+5 Dex-3
                  | Stlth-} (You found it in the Desolation of Salt)
 68155 | Desolati | Identified the Papyrus of the Creative Compass
 69600 | Vaults:4 | Identified the Collected Works on the Feathery Entourage
 69991 | Depths:1 | Entered Level 1 of the Depths
 70426 | Depths:1 | Reached XP level 23. HP: 114/128 MP: 10/47
 70667 | Depths:1 | Found a gateway to Hell.
 71048 | Depths:1 | Got a translucent scale mail
 71096 | Depths:1 | Found a runed translucent door.
 71108 | Depths:1 | Reached skill level 15 in Fighting
 71143 | Depths:1 | Identified Wimpykik's Incunabulum of Dark Execration
 71799 | Depths:2 | Found a one-way gate to the infinite horrors of the Abyss.
 72111 | Depths:2 | Noticed a juggernaut
 72111 | Depths:2 | Noticed a juggernaut
 72113 | Depths:2 | Killed a juggernaut
 72113 | Depths:2 | Killed a juggernaut
 72944 | Depths:3 | Reached skill level 15 in Dodging
 73005 | Depths:3 | Reached XP level 24. HP: 73/136 MP: 1/47
 73271 | Depths:3 | Noticed an ancient lich
 73391 | Depths:3 | Killed an ancient lich
 74737 | Depths:3 | Found a one-way gate leading to the halls of Pandemonium.
 74770 | Depths:3 | Identified the Volume of Terror
 74830 | Depths:3 | Identified the +4 glaive "Viodwaz" {freeze, +Rage MR+}
 76011 | Depths:4 | Identified the +2 broad axe of Benevolence {freeze, Int+5
                  | Dex+2}
 76070 | Depths:4 | Found a gateway to a ziggurat.
 76752 | Depths:4 | Found a runed translucent door.
 76811 | Depths:4 | Found a runed translucent door.
 76972 | Depths:5 | Entered Level 5 of the Depths
 76977 | Depths:5 | Got a warped ruby amulet
 76979 | Depths:5 | Identified the amulet "Jedepilo" {Faith rElec rN+ MR+
                  | Dex-3} (You acquired it on level 5 of the Depths)
 77508 | Depths:5 | Reached XP level 25. HP: 50/141 MP: 19/49
 78609 | Depths:5 | Found a gate to the Realm of Zot.
 78961 | Depths:5 | Found a shattered altar of Ashenzari.
 79189 | Depths:5 | Found Fiumn's Jewellery Shoppe.
 79189 | Depths:5 | Found Moseitre's Gadget Boutique.
 79190 | Depths:5 | Found Dunysh's Gadget Boutique.
 79411 | Zot:1    | Entered Level 1 of the Realm of Zot
 80094 | Zot:2    | Noticed an orb of fire
 80540 | Zot:2    | Gained mutation: You occasionally shout uncontrollably at
                  | your foes. [an orb of fire]
 80540 | Zot:2    | Gained mutation: Your spells are a little easier to cast,
                  | but a little less powerful. [an orb of fire]
 80541 | Zot:2    | Killed an orb of fire
 80694 | Zot:1    | Lost mutation: You occasionally shout uncontrollably at
                  | your foes. [potion of mutation]
 80694 | Zot:1    | Lost mutation: You are frail. (-10% HP) [potion of
                  | mutation]
 80694 | Zot:1    | Lost mutation: Armour fits poorly on your strangely shaped
                  | body. [potion of mutation]
 80694 | Zot:1    | Gained mutation: You possess an exceptional clarity of
                  | mind. [potion of mutation]
 80694 | Zot:1    | Gained mutation: Your spells are easier to cast, but less
                  | powerful. [potion of mutation]
 80694 | Zot:1    | Gained mutation: You have a pair of small horns on your
                  | head. [potion of mutation]
 80695 | Zot:1    | Lost mutation: Your spells are easier to cast, but less
                  | powerful. [potion of mutation]
 80695 | Zot:1    | Lost mutation: Your spells are a little easier to cast, but
                  | a little less powerful. [potion of mutation]
 80695 | Zot:1    | Lost mutation: You possess an exceptional clarity of mind.
                  | [potion of mutation]
 80695 | Zot:1    | Gained mutation: You occasionally shout uncontrollably at
                  | your foes. [potion of mutation]
 80695 | Zot:1    | Gained mutation: You are agile. (Dex +2) [potion of
                  | mutation]
 80695 | Zot:1    | Gained mutation: You have sharp toenails. [potion of
                  | mutation]
 80841 | Zot:2    | Noticed a Killer Klown
 80843 | Zot:2    | Killed a Killer Klown
 80857 | Zot:2    | Noticed a Killer Klown
 80862 | Zot:2    | Killed a Killer Klown
 81767 | Zot:2    | Reached XP level 26. HP: 155/170 MP: 11/49
 82480 | Zot:3    | Identified the Catalogue of Earthen Conjuration
 84935 | Zot:5    | Entered Level 5 of the Realm of Zot
 85658 | Zot:5    | Noticed an ancient lich
 85660 | Zot:5    | Killed an ancient lich
 85733 | Zot:5    | Lost mutation: You are agile. (Dex +2) [the power of Zot]
 85773 | Zot:5    | Noticed an orb of fire
 85779 | Zot:5    | Killed an orb of fire
 85976 | Zot:5    | Noticed an orb of fire
 85977 | Zot:5    | Gained mutation: You are clumsy. (Dex -2) [an orb of fire]
 85979 | Zot:5    | Killed an orb of fire
 86125 | Zot:5    | Noticed an orb of fire
 86128 | Zot:5    | Killed an orb of fire
 86128 | Zot:5    | Reached XP level 27. HP: 179/179 MP: 22/49
 86234 | Zot:5    | Noticed an ancient lich
 86236 | Zot:5    | Killed an ancient lich
 86290 | Zot:5    | Noticed an ancient lich
 86291 | Zot:5    | Killed an ancient lich
 86441 | Zot:5    | Reached skill level 10 in Evocations
 87165 | Zot:5    | Noticed an orb of fire
 87167 | Zot:5    | Gained mutation: You are frail. (-10% HP) [an orb of fire]
 87170 | Zot:5    | Killed an orb of fire
 87619 | Zot:5    | Got the Orb of Zot
 87653 | Zot:5    | Noticed Kasadus the pandemonium lord
 87656 | Zot:5    | Killed Kasadus the pandemonium lord
 88123 | D:1      | Ok lol I got from d:15 to d:1 without encounters
 88132 | D:1      | gg
 88133 | D:$      | Escaped with the Orb!

Levels and vault maps discovered:
D:1:      giann_forest_graveyard, layout_basic, minmay_misc_feat_doors
D:2:      layout_loops_ring, lemuel_statue_altar
D:3:      layout_rooms, overflow_temple_1_default, serial_bayou_pond_d,
          supply_closet_lemuel, uniq_jessica, uniq_natasha
D:4:      layout_loops_corners, makhleb_altar_promises_db, uniq_ijyb
D:5:      layout_basic, first_ration, serial_shops, nicolae_shop_statue_plus,
          elyvilon_altar_5
D:6:      layout_rooms, uniq_edmund
D:7:      layout_loops_cross, nemelex_xobeh_ov_fountains_minmay,
          minmay_temple_entry_poolview, serial_shops, shop
D:8:      layout_loops_corners, nicolae_qazlal_general_emergency, minitemple,
          hangedman_pestilent_swarm, uniq_gastronok
D:9:      layout_layer_cave, grunt_dithmenos_shadows, orc_0_dummy,
          gammafunk_ghost_spectres
D:10:     layout_basic, serial_shops, kennysheep_mini, shop,
          nicolae_shop_crystal, serial_co_window_serial, co_window_paths_a,
          co_window_corner_a, co_window_cross_1, co_window_of_opportunity_a,
          co_window_paths_b, co_window_paths_c, co_window_corner_b,
          co_window_corner_cb, co_window_paths_e, glass_columns_c,
          glass_columns_b, glass_columns_a
D:11:     layout_basic, david_lair_generic, uniq_psyche, uniq_josephine
D:12:     layout_layer_cave, muffindrake_ghost_dual_entry, minmay_ruined_shrine,
          uniq_kirke, uniq_sonja, uniq_erolcha
D:13:     layout_basic, grunt_vaults_entry_tiered, minmay_increasing_density
D:14:     layout_irregular_city, serial_shops, nicolae_shop_trees,
          old_standard_altar, uniq_azrael
D:15:     gammafunk_enter_depths_forms, layout_loops_cross, uniq_rupert
Temple:   minmay_temple_forest_path
Lair:1:   layout_cave_pods, grunt_forest_stairs_basic, columned_hall_lemuel,
          minmay_lair_oklob_chamber
Lair:2:   lemuel_ratsnest, layout_gridlike, serial_bayou_shore_b,
          serial_bayou_shore_b
Lair:3:   layout_roguey [special_room_bee], minmay_snake_entry_six_corridors,
          gammafunk_ghost_grave, pond
Lair:4:   layout_regular_city, shoals_dummy_entry,
          portal_ice_cave_entry_pillars_2, wad_woods_road_02
Lair:5:   layout_regular_city, enter_volcano_3, kennysheep_catoblepas_arena,
          grunt_megastairs_4, uniq_urug, uniq_nessos
Lair:6:   gammafunk_lair_ancient_temple, layout_regular_city,
          dpeg_slime_entry_enclosed_altar
Shoals:1: layout_shoals, ebering_ghost_davey_jones, lemuel_oklob_altar
Shoals:2: layout_shoals, serial_shops, nicolae_shop_overgrown_old_shop,
          nicolae_shoals_hunting_party
Shoals:3: layout_shoals, nicolae_shoals_c_island
Shoals:4: shoals_end_simple, layout_shoals
Snake:1:  nicolae_snake_nest, layout_rooms, evilmike_ambush
          [evilmike_ambush_outer_basic, evilmike_ambush_inner_basic],
          serial_bayou_shore_b
Snake:2:  layout_cave_town, gammafunk_ghost_grave
Snake:3:  layout_rooms, serial_shops, shop, shop, shop, nicolae_alphabet_shops
Snake:4:  snake_pit, layout_grid_maze, serial_bayou_shore_b, grunt_megastairs_3,
          uniq_vashnia
Slime:1:  layout_caves
Slime:2:  layout_caves
Slime:3:  cheibrodos_slime_lost_civilization_10, layout_caves
Slime:4:  layout_caves
Slime:5
Orc:1:    layout_caves, serial_shops, shop
Orc:2:    st_orc_mages, layout_caves, serial_shops,
          nicolae_shop_overgrown_old_shop, minmay_shop_enchanted_jewellery
Elf:1:    minmay_elf_arrival_summoners, layout_gridlike, serial_shops,
          nicolae_shop_statue_plus, minivault_28, minivault_28, uniq_nikola
Elf:2:    layout_gridlike, serial_shops, nicolae_shop_waterfront
Elf:3:    minmay_elf_hall_circle, layout_loops_cross, gammafunk_ghost_cemetery,
          serial_shops, shop_statue, minivault_4, uniq_bai_suzhen
Vaults:1: v_pattern_1, v_misc_1, nicolae_vaults_stairing_the_circle, v_misc_5,
          v_misc_1, v_misc_1, ontoclasm_vaults_shuriken,
          nicolae_vaults_diagonal_hallway_6, layout_vaults_chaotic_city,
          serial_shops, nicolae_shop_trees, nicolae_shop_window_shopping
Vaults:2: vaults_standard_mumra_lines, v_misc_15, vaults_mumra_chevron,
          vaults_room_octagon, v_rooms_6, vaults_mumra_hex, vaults_room_grid,
          grunt_vaults_focal, v_misc_11, layout_vaults_omnigrid
Vaults:3: vaults_room_grunt_arrival_checkpoint, v_misc_23,
          vaults_mumra_minichess_inversion, nicolae_vaults_halls_meeting,
          v_misc_25, minmay_crypt_entry_necro_gods,
          hangedman_vaults_stretched_pinwheel, v_misc_33,
          ontoclasm_vaults_ring_large, layout_vaults_omnibox, serial_shops, shop
Vaults:4: st_cross, v_misc_18, vaults_dpeg_hooks,
          nicolae_vaults_ring_of_whatevers, nicolae_vaults_three_branches,
          hangedman_vaults_stitches, v_rooms_4, v_misc_12, v_misc_29,
          nicolae_vaults_shelves_hall, v_misc_24, v_misc_19,
          layout_vaults_maze_bifur, portal_desolation_entry_twin_temple,
          serial_shops, shop_statue, basic_altar
Depths:1: layout_cave_pools, grunt_mini_vestibule, minmay_acid_items
Depths:2: thingy_vault, layout_gridlike, abyss_entry,
          hangedman_tar_grid_catacomb, serial_bayou_shore_b,
          infiniplex_staircase_spiral_double
Depths:3: hangedman_crystal_crosses_colossus [crystal_crosses_arms_four,
          crystal_crosses_arms_four, crystal_crosses_arms_two,
          crystal_crosses_arms_one], abyss_entry, pan_entry, hell_entry
Depths:4: cheibrodos_witchhunters_guild, layout_cave_pools, enter_ziggurat_a,
          abyss_entry_small_statue_room, chequers_decorated_corner, hell_entry,
          lemuel_freeze_loot_1
Depths:5: grunt_zot_entry_pinwheel, layout_basic, lemuel_crystal_altar,
          hangedman_geh_valley, grunt_megastairs_2, minmay_shop_grove
Zot:1:    layout_misc_corridors
Zot:2:    circus_mu, layout_gridlike, grunt_ministairs_9, bh_zot_ikea_curve
Zot:3:    layout_gridlike, skrybe_zot_glass_1
Zot:4:    layout_cathedral_of_symmetry, st_single_dragon_hoard_2
Zot:5:    layout_misc_corridors

Skill      XL: |  1  2  3  4  5  6  7  8  9 10 11 12 13 14 15 16 17 18 19 20 21 22 23 24 25 26 27 |
---------------+----------------------------------------------------------------------------------+-----
Conjurations   | 2 3 4 5 6 8 10 12 13 15 16 17 20 22 23 24 25 | 25.0
Fire Magic     | 4 5 6 7 8 10 12 15 18 19 20 22 23 24 25 | 25.0
Spellcasting   | 4 5 6 7 9 10 11 14 15 17 18 20 | 20.0
Dodging        | 7 8 11 12 14 15 | 15.0
Fighting       | 4 7 8 10 11 13 14 16 18 20 21 | 21.3
Hexes          | 3 5 |  5.1
Evocations     | 5 6 10 | 10.1
Shields        | 3 4 7 12 13 14 15 | 15.0
Translocations | 1 |  1.0
Stealth        | |  2.4

Action                   |  1- 3 |  4- 6 |  7- 9 | 10-12 | 13-15 | 16-18 | 19-21 | 22-24 | 25-27 || total
-------------------------+-------+-------+-------+-------+-------+-------+-------+-------+-------++-------
Melee: Dagger            |       |       |    66 |    63 |    86 |       |       |       |       ||   215
       Unarmed           |       |       |    22 |       |       |       |       |       |       ||    22
       Staff             |       |       |       |       |     2 |     3 |     9 |    17 |       ||    31
 Cast: Flame Tongue      |    56 |    81 |   254 |   503 |   496 |    12 |       |       |       ||  1402
       Throw Flame       |     5 |     9 |    11 |    20 |    15 |       |       |     2 |       ||    62
       Conjure Flame     |     1 |     3 |    14 |    58 |    28 |       |     1 |       |       ||   105
       Sticky Flame      |       |       |    20 |    70 |   105 |    10 |     3 |       |       ||   208
       Fireball          |       |       |    10 |    61 |   280 |   236 |    83 |    14 |     1 ||   685
       Inner Flame       |       |       |     1 |    14 |     2 |       |       |       |       ||    17
       Irradiate         |       |       |       |       |    20 |    19 |    10 |    26 |    12 ||    87
       Bolt of Fire      |       |       |       |       |    13 |   152 |   209 |   272 |   128 ||   774
       Ignition          |       |       |       |       |     5 |    55 |    83 |    47 |     8 ||   198
       Orb of Destructio |       |       |       |       |       |    17 |    26 |    17 |    21 ||    81
       Fire Storm        |       |       |       |       |       |       |     1 |    99 |   158 ||   258
       Blink             |       |       |       |       |       |       |       |       |     1 ||     1
Evoke: Wand              |       |       |    13 |     5 |    18 |     1 |     7 |    18 |     2 ||    64
       Lamp of fire      |       |       |       |       |       |       |     1 |     2 |       ||     3
  Use: Scroll            |       |     6 |     9 |     7 |     9 |    13 |     7 |    13 |    10 ||    74
       Potion            |       |       |     4 |     1 |     4 |       |     1 |       |     5 ||    15
 Stab: Paralysed         |       |       |       |       |     3 |       |       |       |       ||     3
  Eat: Chunk             |     1 |     8 |    15 |    22 |    36 |    40 |    32 |    42 |    20 ||   216
       Ration            |       |       |     2 |     7 |     8 |    14 |    13 |     9 |    15 ||    68
Armor: Robe              |     3 |     3 |    32 |    42 |    68 |    17 |     9 |    37 |     6 ||   217
       Skin              |       |       |    20 |       |       |       |       |       |       ||    20
Dodge: Dodged            |    15 |    12 |    79 |   224 |   402 |   114 |    53 |   104 |    49 ||  1052
Block: Buckler           |       |       |       |       |    41 |    31 |       |       |       ||    72
       Shield            |       |       |       |       |       |     6 |    42 |    80 |    19 ||   147
       Reflection        |       |       |       |       |       |       |       |    16 |       ||    16

Table legend:
 A = Non-vault XP
 B = Vault XP
 C = Vault XP percentage of total XP
 D = Non-vault monster count
 E = Vault monster count
 F = Vault count percentage of total count
                 A         B        C        D         E       F
            +---------+---------+-------+---------+---------+-------
      Total |  838065 |  777175 |  48.1 |    1547 |     844 |  35.3
            +---------+---------+-------+---------+---------+-------
        D:1 |      41 |       0 |   0.0 |      21 |       0 |   0.0
        D:2 |      25 |       0 |   0.0 |       8 |       0 |   0.0
        D:3 |     172 |      72 |  29.5 |      23 |       2 |   8.0
        D:4 |     359 |      36 |   9.1 |      13 |       1 |   7.1
        D:5 |    1000 |       0 |   0.0 |      33 |       0 |   0.0
        D:6 |    1068 |     157 |  12.8 |      23 |       1 |   4.2
        D:7 |    1314 |       0 |   0.0 |      25 |       0 |   0.0
        D:8 |    1621 |     452 |  21.8 |      14 |       4 |  22.2
        D:9 |    1765 |      11 |   0.6 |      25 |       1 |   3.8
       D:10 |    3370 |     462 |  12.1 |      30 |       1 |   3.2
       D:11 |    3672 |    2585 |  41.3 |      25 |       8 |  24.2
       D:12 |    3929 |    5798 |  59.6 |      31 |      10 |  24.4
       D:13 |    4777 |    9804 |  67.2 |      21 |      30 |  58.8
       D:14 |    7842 |    2524 |  24.3 |      41 |       8 |  16.3
       D:15 |    7659 |    7439 |  49.3 |      21 |       9 |  30.0
     Lair:1 |    3030 |    3345 |  52.5 |      15 |       6 |  28.6
     Lair:2 |    3148 |     633 |  16.7 |      17 |      39 |  69.6
     Lair:3 |    7353 |    3600 |  32.9 |      32 |      43 |  57.3
     Lair:4 |    3975 |     497 |  11.1 |      17 |       3 |  15.0
     Lair:5 |    8242 |    2879 |  25.9 |      21 |       6 |  22.2
     Lair:6 |   11558 |   10650 |  48.0 |      33 |      28 |  45.9
   Shoals:1 |   16069 |     580 |   3.5 |      32 |       1 |   3.0
   Shoals:2 |   16152 |    2138 |  11.7 |      35 |       2 |   5.4
   Shoals:3 |   17502 |       0 |   0.0 |      32 |       0 |   0.0
   Shoals:4 |   14114 |   19841 |  58.4 |      26 |      32 |  55.2
    Snake:1 |   10409 |   12614 |  54.8 |      16 |      18 |  52.9
    Snake:2 |    7245 |       0 |   0.0 |      14 |       0 |   0.0
    Snake:3 |   14636 |       0 |   0.0 |      30 |       0 |   0.0
    Snake:4 |   26577 |   41173 |  60.8 |      51 |      55 |  51.9
    Slime:1 |   10231 |       0 |   0.0 |      26 |       0 |   0.0
    Slime:2 |   19510 |       0 |   0.0 |      48 |       0 |   0.0
    Slime:3 |   16230 |       0 |   0.0 |      31 |       0 |   0.0
    Slime:4 |   16065 |       0 |   0.0 |      21 |       0 |   0.0
    Slime:5 |   17063 |   36765 |  68.3 |      40 |      18 |  31.0
      Orc:1 |    2497 |       0 |   0.0 |      35 |       0 |   0.0
      Orc:2 |    2708 |    4840 |  64.1 |      31 |      39 |  55.7
      Elf:1 |    5638 |   19355 |  77.4 |       8 |      31 |  79.5
      Elf:2 |   13173 |    1826 |  12.2 |      21 |       2 |   8.7
      Elf:3 |   16689 |   59165 |  78.0 |      26 |      37 |  58.7
   Vaults:1 |    7373 |   16576 |  69.2 |      18 |      25 |  58.1
   Vaults:2 |   42447 |   18731 |  30.6 |      67 |      22 |  24.7
   Vaults:3 |   28244 |   19797 |  41.2 |      46 |      25 |  35.2
   Vaults:4 |   36861 |   40478 |  52.3 |      54 |      49 |  47.6
   Depths:1 |   35552 |   24586 |  40.9 |      57 |      17 |  23.0
   Depths:2 |   51708 |   34137 |  39.8 |      66 |      18 |  21.4
   Depths:3 |     821 |   76619 |  98.9 |       1 |      55 |  98.2
   Depths:4 |   40480 |   27755 |  40.7 |      47 |      29 |  38.2
   Depths:5 |   58848 |   31309 |  34.7 |      50 |      24 |  32.4
      Zot:1 |   27796 |       0 |   0.0 |      17 |       0 |   0.0
      Zot:2 |   89522 |   23070 |  20.5 |      44 |      17 |  27.9
      Zot:3 |   19581 |       0 |   0.0 |      10 |       0 |   0.0
      Zot:4 |   37913 |    4134 |   9.8 |      30 |       1 |   3.2
      Zot:5 |   42491 |  166600 |  79.7 |      28 |      43 |  60.6
      IceCv |       0 |    4482 | 100.0 |       0 |      19 | 100.0
 Desolation |       0 |   39660 | 100.0 |       0 |      65 | 100.0
            +---------+---------+-------+---------+---------+-------
